AoeStats
← waw15

Socotra

504748266Analyzed
4v4 RM · 24d ago on Sep 6, 2026· 26m 3s· 8 players
Game mode
Random Map
Map size
148×148
Population
200
Speed
Normal
Resources
Standard
Victory
Conquest
Starting age
Dark Age
Ending age
Imperial Age
RankedLock teamsTeams togetherTeam positionsShared explorationLock speedFull tech treeHidden civsTurbo modeCheats
Victory
Defeat
🇨🇳 Spanish · China
1033
+13
🇨🇳 Huns · China
991
+15
🇨🇳 Turks · China
974
+15
🇨🇳 Magyars · China
847
+19
🇬🇧 Cumans · United Kingdom
997
-17
🇫🇷 Armenians · France
995
-17
🇬🇧 Japanese · United Kingdom
935
-15
🇵🇱 Malay · Poland
897
-13
dnyddg
2:11 Loom
12:09 Feudal Age
16:59 Castle Age
16:06 Double-Bit Axe
17:08 Horse Collar
钢七连第4956个兵
12:26 Feudal Age
12:52 Horse Collar
13:02 Double-Bit Axe
17:03 Loom
20:24 Castle Age
19:22 Gold Mining
24:26 Imperial Age
22:32 Wheelbarrow
23:32 Bow Saw
飞鱼
0:39 Loom
11:48 Feudal Age
クンクン
0:40 Loom
13:09 Feudal Age
18:09 Castle Age
16:12 Horse Collar
17:46 Double-Bit Axe
18:42 Wheelbarrow
19:31 Heavy Plow
22:11 Bloodlines
21:23 Light Cavalry
22:48 Husbandry
24:17 Corvinian Army
24:52 Scale Barding Armor
waw15
10:09 Feudal Age
10:22 Man-at-Arms
17:43 Castle Age
15:30 Loom
18:25 Double-Bit Axe
PiotrekEs
8:03 Loom
10:49 Feudal Age
23:12 Double-Bit Axe
27:03 Castle Age
sam.pidgeon
8:28 Loom
12:18 Feudal Age
13:25 Double-Bit Axe
17:15 Scale Barding Armor
21:13 Wheelbarrow
24:28 Castle Age
22:41 Horse Collar
24:21 Scale Mail Armor
razors-38i
Connection lost

Rejoining the realm…

Still unreachable

The connection could not be restored.

Session expired

The server has moved on; the page needs a fresh start.